 Dungeon Crawl Stone Soup version 0.26.1-12-g5ba1501909 (webtiles) character file.

Game seed: 6529970683358532188

34 Zeld the Sneak (level 3, -2/25 HPs)
             Began as an Octopode Brigand on Oct 28, 2021.
             Slain by a worker ant (7 damage)
             ... on level 2 of the Dungeon.
             The game lasted 00:01:28 (1244 turns).

Zeld the Sneak (Octopode Brigand)                   Turns: 1244, Time: 00:01:29

Health: -2/25      AC:  1    Str: 10    XL:     3   Next: 31%
Magic:  3/3        EV: 13    Int: 13    God:
Gold:   103        SH:  0    Dex: 14    Spells: 2/2 levels left

rFire    . . .     SeeInvis .   a - +2 dagger
rCold    . . .     Faith    .   (no shield)
rNeg     . . .     Spirit   .   (helmet restricted)
rPois    .         Reflect  .   (no amulet)
rElec    .         Harm     .   (no ring)
rCorr    .         Rampage  .   (no ring)
Will     .....                  (no ring)
Stlth    ++++......             (no ring)
HPRegen  0.08/turn              (no ring)
MPRegen  0.08/turn              (no ring)
                                (no ring)
                                (no ring)

@: lethally poisoned (-2 -> -6)
A: almost no armour, stealthy swim, amphibious, 8 rings, constrict 8, camouflage
1, gelatinous body 1
a: no special abilities


You were on level 2 of the Dungeon.
You visited 1 branch of the dungeon, and saw 2 of its levels.

You collected 103 gold pieces.

Inventory:

Hand Weapons
 a - a +2 dagger (weapon)
Missiles
 b - 21 poisoned darts (quivered)
 c - 2 curare-tipped darts
Jewellery
 h - a +4 ring of protection {unknown}
Scrolls
 d - a scroll of enchant armour {unknown}
 e - a scroll of blinking {unknown}
 f - 2 scrolls of teleportation {unknown}
 j - 2 scrolls of magic mapping {unknown}
 m - a scroll of identify {unknown}
Potions
 g - a potion of brilliance {unknown}
 i - 2 potions of lignification {unknown}
 k - a potion of mutation {unknown}
 l - a potion of resistance {unknown}
 n - a potion of curing {unknown}
 o - a potion of berserk rage {unknown}


   Skills:
 * Level 2.4 Fighting
 * Level 2.5 Short Blades
 * Level 2.4 Throwing
 + Level 1.4 Dodging
 + Level 5.5 Stealth


You had 2 spell levels left.
You didn't know any spells.
Your spell library was empty.

Dungeon Overview and Level Annotations

Branches:
Dungeon (2/15)

Altars:


Innate Abilities, Weirdness & Mutations

You cannot wear most types of armour.
You are very stealthy in the water. (Stealth+)
You are amphibious.
You can wear up to eight rings at the same time.
You can use your tentacles to constrict eight enemies at once.
Your skin changes colour to match your surroundings (Stealth+).
Your rubbery body absorbs attacks. (AC +1, EV +1)


Message History

You feel sick. The bat barely misses you.
A ball python comes into view.
You hit the bat. Your squeeze misses the bat.
The bat is severely wounded.
You constrict the bat.
You kill the bat!
You hit the worker ant. Your grab misses the worker ant.
The worker ant is moderately wounded.
The worker ant barely misses you.
Unknown command.
You hit the worker ant. Your grab misses the worker ant.
You squeeze the worker ant.
The worker ant is heavily wounded.
* * * LOW HITPOINT WARNING * * *
You feel sick. The worker ant barely misses you.
You hit the worker ant but do no damage.
Your grab misses the worker ant. Your squeeze misses the worker ant.
The worker ant is heavily wounded.
The worker ant bites you!
You die...

##### # #...#.#.#.
##################K....[...
................@BBg.#
################.##..#
#g#...... #.....#..$#
##.##.##.## #.# .. ... #..
... ... #.. ### #.


You could see a worker ant, a gnoll, a giant cockroach, a hobgoblin and a
kobold.

Vanquished Creatures
  An ooze (D:1)
  3 giant cockroaches
  6 goblins
  2 hobgoblins
  4 jackals (D:1)
  3 kobolds
  3 bats
  2 frilled lizards
  A rat (D:1)
25 creatures vanquished.

Notes
Turn   | Place    | Note
-------+----------+-------------------------------------------
     0 | D:1      | Zeld the Octopode Brigand began the quest for the Orb.
     0 | D:1      | Reached XP level 1. HP: 14/14 MP: 1/1
   223 | D:1      | Reached XP level 2. HP: 7/19 MP: 2/2
   970 | D:1      | Reached XP level 3. HP: 25/25 MP: 3/3
  1244 | D:2      | Slain by a worker ant

Illustrated notes

Levels and vault maps discovered:
D:1:      dpeg_arrival_windows_large_door, layout_basic, feat_on_display
D:2:      layout_basic, minmay_tromino_v4_b

Action                   || total
-------------------------++-------
Melee: Dagger            ||    56
       Tentacles         ||    13
       Constrict         ||    12
 Stab: Sleeping          ||     5
Armor: Skin              ||     4
Dodge: Dodged            ||    31
